[ PARTIDA AOE2 · #484106385 ]
UnrankedBohemios vs Vietnamese
Equipo del jugador · VICT
[ ANÁLISIS DE REPETICIÓN · EXTRAÍDO DE LA PARTIDA GRABADA ]
Feudal
10:09
Castillos
—
Imperial
—
| APM promedio | 31.2 |
| APM pico | 65 |
| eAPM promedio | 12.1 |
| Aldeanos / militares | 31 / 0 |
Foco
⚔️ 9.5% · 🌾 90.5%
Feudal
—
Castillos
—
Imperial
—
| APM promedio | 13.5 |
| APM pico | 32 |
| eAPM promedio | 5.2 |
| Aldeanos / militares | 14 / 0 |
Foco
⚔️ 0.0% · 🌾 100.0%
Mapa de la partida
Recursos iniciales + cada clic de construcción. Líneas = muros · curvas = relieve. ◆ oro · ⬟ piedra · ● bayas · ✦ reliquia · ◌ hueco del cierre
Tu base
Base de GiaiTich2
Terreno inicial suavizado · ◌ = hueco del cierre detectado · pasá el cursor para detalles
Inputs por minuto
— kabacrack - - GiaiTich2
Build order — kabacrack
46 acciones detectadas en el replay
| 0:03 | Crear | Villager (Male) |
| 0:03 | Crear | Villager (Male) |
| 0:04 | Crear | Villager (Male) |
| 0:04 | Crear | Villager (Male) |
| 0:04 | Crear | Villager (Male) |
| 0:04 | Crear | Villager (Male) |
| 0:05 | Crear | Villager (Male) |
| 0:05 | Crear | Villager (Male) |
| 0:05 | Crear | Villager (Male) |
| 0:09 | Construir | House |
| 0:11 | Construir | House |
| 0:43 | Construir | House |
| 1:34 | Crear | Villager (Male) |
| 2:08 | Investigar | Loom |
| 2:28 | Crear | Villager (Male) |
| 2:28 | Crear | Villager (Male) |
| 2:28 | Crear | Villager (Male) |
| 2:48 | Crear | Villager (Male) |
| 2:48 | Crear | Villager (Male) |
| 3:05 | Construir | Lumber Camp |
| 3:16 | Crear | Villager (Male) |
| 3:16 | Crear | Villager (Male) |
| 3:16 | Crear | Villager (Male) |
| 3:37 | Crear | Villager (Male) |
| 3:37 | Crear | Villager (Male) |
| 4:38 | Crear | Villager (Male) |
| 4:38 | Crear | Villager (Male) |
| 4:38 | Crear | Villager (Male) |
| 4:55 | Crear | Villager (Male) |
| 4:55 | Crear | Villager (Male) |
| 5:58 | Construir | House |
| 6:32 | Crear | Villager (Male) |
| 6:32 | Crear | Villager (Male) |
| 7:07 | Construir | Mill |
| 7:14 | Crear | Villager (Male) |
| 7:47 | Investigar | Feudal Age |
| 8:56 | Construir | House |
| 8:58 | Construir | House |
| 8:59 | Construir | House |
| 9:22 | Crear | Villager (Male) |
| 9:23 | Crear | Villager (Male) |
| 9:33 | Construir | Mill |
| 9:56 | Crear | Villager (Male) |
| 10:09 | Edad | Edad Feudal |
| 10:13 | Construir | House |
| 10:14 | Construir | House |
Build order — GiaiTich2
22 acciones detectadas en el replay
| 0:10 | Construir | House |
| 0:15 | Crear | Villager (Male) |
| 0:15 | Crear | Villager (Male) |
| 0:15 | Crear | Villager (Male) |
| 1:37 | Crear | Villager (Male) |
| 1:37 | Crear | Villager (Male) |
| 2:32 | Crear | Villager (Male) |
| 2:32 | Crear | Villager (Male) |
| 3:38 | Crear | Villager (Male) |
| 4:26 | Construir | Mill |
| 4:43 | Construir | Lumber Camp |
| 4:59 | Crear | Villager (Male) |
| 5:00 | Crear | Villager (Male) |
| 5:00 | Crear | Villager (Male) |
| 5:58 | Construir | House |
| 7:42 | Construir | House |
| 7:51 | Crear | Villager (Male) |
| 7:51 | Crear | Villager (Male) |
| 7:51 | Crear | Villager (Male) |
| 9:19 | Construir | House |
| 9:20 | Construir | House |
| 10:11 | Investigar | Feudal Age |
Cronología de la partida
| 10:09 | kabacrack · age_up feudal |
| 10:23 | GiaiTich2 · resign |
[ ANÁLISIS IA · 1 CRÉDITO ]
¿Qué pasó realmente en esta partida?
Wolo.gg analiza cada decisión: build order, eco, micro, errores típicos por bracket. Análisis personalizado por WhatsApp o Discord en 30 segundos.
Guía civ
Bohemios
Perfil
Jugador #3707017